 Dungeon Crawl Stone Soup version 0.30.0-29-ga12c61a403 (webtiles) character file.

Game seed: 107156195198166643

37799 qw the Cleaver (level 13, -6/75 (82) HPs)
             Began as a Gargoyle Fighter on June 4, 2023.
             Was an Elder of Okawaru.
             Shot with an arrow by Nessos (12 damage)
             ... on level 4 of the Lair of Beasts.
             The game lasted 00:08:55 (15315 turns).

qw the Cleaver (Gargoyle Fighter)                  Turns: 15315, Time: 00:08:55

HP:   -6/75 (82)    AC: 35    Str: 34    XL:     13   Next: 99%
MP:   20/20         EV: 11    Int:  9    God:    Okawaru [****..]
Gold: 930           SH: 13    Dex: 13    Spells: 12/12 levels left

rFire   . . .        n - +0 broad axe of Nist {venom, Drain rCorr Str+3 Dex+4}
rCold   + . .        z - +0 kite shield
rNeg    + . .        j - +0 plate armour {rC+}
rPois   inf          u - +1 hat of the Insatiable Moons {Regen+}
rElec   +            a - +1 cloak
rCorr   +            r - +2 pair of gloves
SInv    .            k - +0 pair of boots
Will    .....        l - amulet of faith Stlth
                     C - +6 ring of strength
HPRegen 1.12/turn    (no ring)
MPRegen 0.17/turn

%: faith
@: about to teleport, heroic, drained
A: sickness immunity, AC +9, negative energy resistance 1, electricity
resistance, torment resistance 1, petrification resistance
a: Renounce Religion, Heroism, Finesse


You were on level 4 of the Lair of Beasts.
You worshipped Okawaru.
Okawaru was greatly pleased with you.
You visited 3 branches of the dungeon, and saw 16 of its levels.
You also visited: Gauntlet.

You collected 966 gold pieces.
You spent 36 gold pieces at shops.


Innate Abilities, Weirdness & Mutations

You are immune to sickness and miasma.
Your stone body is resilient. (AC +9)
You are immune to poison.
You resist negative energy. (rN+)
You are resistant to electric shocks. (rElec)
You are resistant to unholy torment.
You are immune to petrification.


   Skills:
 - Level 10.1(15.1) Fighting
 + Level 13.4(18.4) Axes
 - Level 5.0(10.0) Throwing
 - Level 9.4(14.4) Armour
 - Level 3.4(8.4) Dodging
 - Level 11.1(16.1) Shields
 - Level 10.0 Invocations


You had 12 spell levels left.
You didn't know any spells.
Your spell library was empty.

Inventory:

Hand Weapons
 n - the +0 broad axe of Nist (weapon) {venom, Drain rCorr Str+3 Dex+4}
   (Okawaru gifted it to you in a Gauntlet)

   Str:       It affects your strength (+3).
   Dex:       It affects your dexterity (+4).
   rCorr:     It protects you from acid and corrosion.
   Drain:     It drains your maximum health when unequipped.
 v - a +4 morningstar
 B - a +5 broad axe of venom
Missiles
 t - 7 boomerangs
 w - 2 silver boomerangs
 y - 4 javelins
 A - 5 silver javelins (quivered)
Armour
 a - a +1 cloak (worn)
 j - a +0 plate armour of cold resistance (worn)
 k - a +0 pair of boots (worn)
 r - a +2 pair of gloves (worn)
 u - the +1 hat of the Insatiable Moons (worn) {Regen+}
   (You found it in a Gauntlet)

   Regen:     It increases your rate of health regeneration.
 z - a +0 kite shield (worn)
 D - a +1 chain mail of fire resistance
Jewellery
 c - the amulet of Ahyras {Acrobat Dex+3 SInv}
   (You found it in a Gauntlet)

   [amulet of the acrobat]

   It increases your evasion while moving and waiting.
   Dex:       It affects your dexterity (+3).
   SInv:      It lets you see invisible.
 i - a ring of ice
 l - an amulet of faith (around neck)
 p - an amulet of guardian spirit
 C - a +6 ring of strength (left hand)
Wands
 x - a wand of digging (5)
Scrolls
 g - 2 scrolls of teleportation
 m - 13 scrolls of identify
 E - 2 scrolls of poison {unknown}
Potions
 b - 2 potions of mutation
 d - 4 potions of might
 e - 2 potions of haste
 f - 8 potions of curing
 h - 4 potions of lignification
 o - a potion of cancellation
 q - 3 potions of heal wounds
 s - 4 potions of attraction

Dungeon Overview and Level Annotations

Branches:
Dungeon (11/15)            Temple (1/1) D:7            Lair (4/5) D:11
 Shoals (0/4) Lair:3       Spider (0/4) Lair:2        Slime (0/5) Lair:4
Gauntlet (visited)
    Orc: D:9-12

Altars:
Ashenzari
Cheibriados
Dithmenos
Elyvilon
Fedhas
Gozag
Hepliaklqana
Kikubaaqudgha
Makhleb
Nemelex Xobeh
Okawaru
Qazlal
Ru
Sif Muna
Trog
Uskayaw
Vehumet
Wu Jian
Xom
Yredelemnul
Zin
The Shining One

Shops:
D:2 (   D:5 !:   D:8 *

Annotations:
D:2 1 runed translucent door, Crazy Yiuf
D:10 3 runed translucent doors, qw's ghost, novice GrFi
D:11 3 runed translucent doors, 4 transporters, Lyext's ghost, journeyman KoHu
Lair:4 Nessos


Message History

Nessos blinks!
Nessos shoots an arrow.
You block the arrow.
Nessos zaps a wand.
The mass of ice explodes!
The iceblast engulfs you! You partially resist.
The now-empty wand crumbles to dust.
Nessos casts a spell.
Nessos blinks!
Nessos shoots an arrow.
The arrow barely misses you.
15307 ||| Stepping ~*~*~tactically~*~*~ (hiding).
15308 ||| Stepping ~*~*~tactically~*~*~ (hiding).
Nessos shoots an arrow.
The arrow barely misses you.
Nessos shoots an arrow.
The arrow barely misses you.
Nessos shoots an arrow.
You block the arrow.
Nessos shoots an arrow.
The arrow hits you but does no damage.
Nessos intently looks at you, slowly moving their tail.
Nessos shoots an arrow.
The arrow hits you but does no damage.
Enter note:
Enter note:
Enter note:
Enter note:
Enter note:
Enter note:
Enter note:
Enter note:
Enter note:
Enter note:
Enter note:
Enter note:
Enter note:
Enter note: Nessos gestures wildly while chanting.
Nessos blinks!
Nessos shoots an arrow.
The arrow hits you! The arrow burns you.
15312 ||| Stepping ~*~*~tactically~*~*~ (hiding).
15313 ||| Stepping ~*~*~tactically~*~*~ (hiding).
Nessos shoots an arrow.
The arrow hits you! The arrow burns you.
15314 ||| Stepping ~*~*~tactically~*~*~ (hiding).
Nessos gestures wildly while chanting.
Nessos blinks!
15315 ||| READING 3 scrolls of teleportation.
As you read the scroll of teleportation, it crumbles to dust.
You feel strangely unstable.
Nessos shoots an arrow.
The arrow hits you!
You die...

##.....?..................
#....#P#.P.#.##...#######
#c...###..#.####### #
#.... ###### ##c... #P....
#.... ####### #####
##....#####...#.######.##.
#........@.%..............
##........................
#.......................%
#.................[.....%
#......c#...###...#..#..#
#P...(#.###.## #########.#
#.....### ### ### #.....
..


You could see Nessos (fast, poisoned).

Vanquished Creatures
  A minotaur (Gauntlet)
  3 hydras
  2 two-headed ogres
  3 death yaks (D:11)
  A skyshark (Lair:3)
  An obsidian statue (Gauntlet)
  3 oklob plants
  4 elephants (Lair:4)
  A black mamba (Lair:1)
  3 gargoyles
  A minotaur zombie (Gauntlet)
  9 cane toads
  3 rime drakes
  Maggie (D:8)
  5 kobold demonologists
  3 komodo dragons
  3 polar bears
  A queen bee (D:11)
  Grinder (D:6)
  A troll (D:10)
  15 blink frogs
  8 flying skulls (Gauntlet)
  A vampire (D:10)
  2 shadows (D:11)
  6 culicivoras (Lair:2)
  Sigmund (D:4)
  29 yaks
  2 basilisks
  4 wyverns
  3 fire bats (Lair:2)
  Menkaure (D:5)
  11 water moccasins
  A floating eye (D:10)
  2 orc warriors (D:9)
  7 black bears
  2 ice beasts
  An ogre (D:5)
  6 wolves (Lair:1)
  7 centaurs
  A phantom (D:5)
  5 kobold brigands
  15 bullfrogs
  2 scorpions (D:5)
  4 gnoll sergeants
  17 wights
  48 killer bees
  A lava snake (Lair:2)
  An orc priest (D:5)
  4 jellies
  10 hounds
  2 sleepcaps (D:6)
  3 gnoll boudas
  2 iguanas
  4 orc wizards
  Robin (D:2)
  30 gnolls
  8 adders
  A white imp (D:6)
  An ufetubus (D:6)
  7 worms
  20 orcs
  2 endoplasms
  2 giant cockroaches
  9 hobgoblins
  7 jackals (D:5)
  3 quokkas
  8 ball pythons
  4 bats
  7 frilled lizards
  17 goblins
  26 kobolds
  8 rats
439 creatures vanquished.

Notes
Turn   | Place    | Note
-------+----------+-------------------------------------------
     0 | D:1      | qw the Gargoyle Fighter began the quest for the Orb.
     0 | D:1      | Reached XP level 1. HP: 14/14 MP: 1/1
     0 | D:1      | 0 ||| qw: Version: 0.2-a-107-g4668610
     0 | D:1      | 0 ||| qw: Game counter: 1285
     0 | D:1      | 0 ||| qw: Always use a shield: true
     0 | D:1      | 0 ||| qw: God list: Okawaru
     0 | D:1      | 0 ||| qw: Allow faded altars: false
     0 | D:1      | 0 ||| qw: Do Orc after D:15 true
     0 | D:1      | 0 ||| qw: Do second Lair branch before Depths: true
     0 | D:1      | 0 ||| qw: Lair rune preference: random
     0 | D:1      | 0 ||| qw: Plans: Normal, Zot:1-4, Slime:5, God:TSO, Crypt,
                  | Tomb, Abyss, Pan, Hells, Win
     0 | D:1      | 0 ||| PLANNING D:1-11
    87 | D:1      | Reached skill level 2 in Axes
    96 | D:1      | Reached XP level 2. HP: 14/19 MP: 2/2
    96 | D:1      | 96 ||| FLEEEEING.
   101 | D:1      | 101 ||| FLEEEEING.
   102 | D:1      | 102 ||| FLEEEEING.
   103 | D:1      | 103 ||| FLEEEEING.
   104 | D:1      | 104 ||| FLEEEEING.
   105 | D:1      | 105 ||| FLEEEEING.
   106 | D:1      | 106 ||| FLEEEEING.
   107 | D:1      | 107 ||| FLEEEEING.
   108 | D:1      | 108 ||| FLEEEEING.
   109 | D:1      | 109 ||| FLEEEEING.
   110 | D:1      | 110 ||| FLEEEEING.
   217 | D:1      | Reached skill level 3 in Axes
   217 | D:1      | Reached XP level 3. HP: 14/23 MP: 3/3
   438 | D:1      | 438 ||| DROPPING +0 club.
   494 | D:1      | 494 ||| Stepping ~*~*~tactically~*~*~ (hiding).
   795 | D:1      | 795 ||| READING scroll labelled PIRAXO ATAGA.
   796 | D:1      | 796 ||| READING scroll labelled GAOGAM ECAF.
   873 | D:2      | Identified the +1 hammer of Kilic {heavy, rC+}
   878 | D:2      | 878 ||| DROPPING +0 hammer of venom.
   881 | D:2      | 881 ||| DROPPING +2 hammer of draining.
   885 | D:2      | Identified the +7 hammer of Ofanuigu {drain, *Rage Will+
                  | MP+9 Str+3}
   887 | D:2      | 887 ||| DROPPING +7 hammer of Ofanuigu {drain, *Rage Will+
                  | MP+9 Str+3}.
   959 | D:2      | Found Midoaw's Antique Weapon Shop.
  1120 | D:2      | 1120 ||| Stepping ~*~*~tactically~*~*~ (stealth).
  1121 | D:2      | Noticed Robin
  1132 | D:2      | Killed Robin
  1133 | D:2      | Reached XP level 4. HP: 18/28 MP: 4/4
  1153 | D:2      | Reached skill level 4 in Axes
  1410 | D:2      | Found a runed translucent door.
  1411 | D:2      | Noticed Crazy Yiuf
  1414 | D:2      | 1414 ||| UPGRADING to +1 cloak.
  1419 | D:2      | 1419 ||| UPGRADING to +0 helmet.
  1424 | D:2      | 1424 ||| UPGRADING to amulet of faith.
  1429 | D:2      | 1429 ||| READING scroll labelled JUGAUDUCWE.
  1430 | D:2      | 1430 ||| READING scroll labelled KYGOEDW GIBAERE.
  1431 | D:2      | 1431 ||| DRINKING 2 golden potions.
  1432 | D:2      | 1432 ||| DRINKING 2 lumpy cyan potions.
  1587 | D:3      | 1587 ||| Stepping ~*~*~tactically~*~*~ (stealth).
  1588 | D:3      | 1588 ||| Stepping ~*~*~tactically~*~*~ (stealth).
  1594 | D:3      | 1594 ||| Stepping ~*~*~tactically~*~*~ (stealth).
  1655 | D:3      | 1655 ||| Stepping ~*~*~tactically~*~*~ (stealth).
  1930 | D:3      | 1930 ||| Stepping ~*~*~tactically~*~*~ (stealth).
  1971 | D:3      | 1971 ||| Stepping ~*~*~tactically~*~*~ (stealth).
  2006 | D:3      | 2006 ||| Stepping ~*~*~tactically~*~*~ (stealth).
  2007 | D:3      | 2007 ||| Stepping ~*~*~tactically~*~*~ (stealth).
  2008 | D:3      | 2008 ||| Stepping ~*~*~tactically~*~*~ (stealth).
  2010 | D:3      | 2010 ||| Stepping ~*~*~tactically~*~*~ (hiding).
  2012 | D:3      | 2012 ||| Stepping ~*~*~tactically~*~*~ (hiding).
  2015 | D:3      | Reached XP level 5. HP: 14/32 MP: 5/5
  2043 | D:3      | Reached skill level 5 in Axes
  2118 | D:3      | 2118 ||| READING scroll of enchant weapon.
  2118 | D:3      | 2118 ||| ENCHANTING +1 war axe.
  2182 | D:3      | Found a sacrificial altar of Ru.
  2214 | D:3      | 2214 ||| READING 2 scrolls labelled NUT KOQILA.
  2215 | D:3      | 2215 ||| READING scroll labelled KUL MANYOJAIFF.
  2216 | D:3      | 2216 ||| READING scroll labelled KIW ZATOIP.
  2217 | D:3      | 2217 ||| READING scroll labelled XOTIRRABBU.
  2218 | D:3      | 2218 ||| READING scroll labelled BOTITHR LIFU.
  2219 | D:3      | 2219 ||| DROPPING scroll of blinking.
  2242 | D:4      | 2242 ||| Stepping ~*~*~tactically~*~*~ (stealth).
  2243 | D:4      | 2243 ||| Stepping ~*~*~tactically~*~*~ (stealth).
  2257 | D:4      | 2257 ||| READING scroll of enchant armour.
  2257 | D:4      | 2257 ||| ENCHANTING +0 helmet.
  2318 | D:4      | 2318 ||| Stepping ~*~*~tactically~*~*~ (stealth).
  2340 | D:4      | 2340 ||| Stepping ~*~*~tactically~*~*~ (stealth).
  2348 | D:4      | Reached XP level 6. HP: 38/38 MP: 6/6
  2538 | D:4      | 2538 ||| Stepping ~*~*~tactically~*~*~ (hiding).
  2638 | D:4      | Reached skill level 1 in Dodging
  2831 | D:4      | Noticed Sigmund
  2836 | D:4      | 2836 ||| DRINKING 2 potions of curing.
  2836 | D:4      | 2836 ||| (to cure confusion)
  2838 | D:4      | Killed Sigmund
  2839 | D:4      | Reached skill level 6 in Axes
  2839 | D:4      | Reached XP level 7. HP: 43/43 MP: 7/7
  2904 | D:4      | 2904 ||| UPGRADING to +0 pair of gloves.
  2909 | D:4      | 2909 ||| UPGRADING to +0 chain mail.
  2919 | D:4      | 2919 ||| DROPPING +0 scale mail.
  2920 | D:4      | 2920 ||| DROPPING +6 ring of intelligence.
  2921 | D:4      | 2921 ||| READING 6 scrolls of identify.
  2921 | D:4      | 2921 ||| IDENTIFYING blue potion
  2922 | D:4      | 2922 ||| READING 5 scrolls of identify.
  2922 | D:4      | 2922 ||| IDENTIFYING bubbling white potion
  2923 | D:4      | 2923 ||| READING 4 scrolls of identify.
  2923 | D:4      | 2923 ||| IDENTIFYING purple potion
  2924 | D:4      | 2924 ||| READING 3 scrolls of identify.
  2924 | D:4      | 2924 ||| IDENTIFYING red potion
  2925 | D:4      | 2925 ||| READING 2 scrolls of identify.
  2925 | D:4      | 2925 ||| IDENTIFYING fuming clear potion
  2926 | D:4      | 2926 ||| DROPPING potion of flight.
  2927 | D:4      | 2927 ||| DROPPING potion of berserk rage.
  2939 | D:5      | Entered Level 5 of the Dungeon
  3015 | D:5      | 3015 ||| Stepping ~*~*~tactically~*~*~ (stealth).
  3016 | D:5      | 3016 ||| Stepping ~*~*~tactically~*~*~ (stealth).
  3053 | D:5      | 3053 ||| Stepping ~*~*~tactically~*~*~ (stealth).
  3061 | D:5      | Found an ancient bone altar of Kikubaaqudgha.
  3061 | D:5      | Found a blossoming altar of Fedhas.
  3117 | D:5      | 3117 ||| FLEEEEING.
  3118 | D:5      | 3118 ||| FLEEEEING.
  3119 | D:5      | 3119 ||| FLEEEEING.
  3123 | D:5      | 3123 ||| FLEEEEING.
  3124 | D:5      | 3124 ||| FLEEEEING.
  3125 | D:5      | 3125 ||| FLEEEEING.
  3126 | D:5      | 3126 ||| FLEEEEING.
  3127 | D:5      | 3127 ||| FLEEEEING.
  3128 | D:5      | 3128 ||| FLEEEEING.
  3129 | D:5      | 3129 ||| FLEEEEING.
  3130 | D:5      | 3130 ||| STAIRDANCE
  3221 | D:5      | 3221 ||| Stepping ~*~*~tactically~*~*~ (stealth).
  3223 | D:5      | 3223 ||| Stepping ~*~*~tactically~*~*~ (stealth).
  3262 | D:5      | Reached skill level 7 in Axes
  3302 | D:5      | Found Istefizu's Book Shop.
  3323 | D:5      | 3323 ||| Stepping ~*~*~tactically~*~*~ (stealth).
  3333 | D:5      | Reached XP level 8. HP: 43/49 MP: 8/8
  3367 | D:5      | Found Wishyon's Distillery.
  3372 | D:5      | Noticed Menkaure
  3373 | D:5      | 3373 ||| Stepping ~*~*~tactically~*~*~ (hiding).
  3381 | D:5      | Killed Menkaure
  3422 | D:5      | 3422 ||| SHOPLISTING 2 potions of resistance (240 gold,
                  | have 122).
  3422 | D:5      | 3422 ||| BUYING potion of curing (36 gold).
  3422 | D:5      | Bought a potion of curing for 36 gold pieces
  3422 | D:5      | 3422 ||| SHOPLISTING potion of haste (120 gold, have 86).
  3422 | D:5      | 3422 ||| SHOPLISTING potion of mutation (96 gold, have 86).
  3493 | D:5      | 3493 ||| Stepping ~*~*~tactically~*~*~ (hiding).
  3494 | D:5      | 3494 ||| Stepping ~*~*~tactically~*~*~ (hiding).
  3513 | D:5      | 3513 ||| Stepping ~*~*~tactically~*~*~ (stealth).
  3561 | D:5      | 3561 ||| Stepping ~*~*~tactically~*~*~ (stealth).
  3562 | D:5      | 3562 ||| Stepping ~*~*~tactically~*~*~ (stealth).
  3569 | D:5      | 3569 ||| Stepping ~*~*~tactically~*~*~ (stealth).
  3656 | D:5      | Found a white marble altar of Elyvilon.
  3728 | D:5      | 3728 ||| Stepping ~*~*~tactically~*~*~ (hiding).
  3799 | D:5      | 3799 ||| Stepping ~*~*~tactically~*~*~ (hiding).
  3800 | D:5      | 3800 ||| Stepping ~*~*~tactically~*~*~ (hiding).
  3816 | D:5      | 3816 ||| UPGRADING to +0 pair of boots.
  3831 | D:5      | 3831 ||| READING scroll labelled IGHEUPNUFFU.
  3836 | D:5      | 3836 ||| FLEEEEING.
  3837 | D:5      | 3837 ||| FLEEEEING.
  3859 | D:5      | 3859 ||| FLEEEEING.
  3860 | D:5      | 3860 ||| FLEEEEING.
  3861 | D:5      | 3861 ||| FLEEEEING.
  3862 | D:5      | 3862 ||| FLEEEEING.
  3863 | D:5      | 3863 ||| FLEEEEING.
  3864 | D:5      | 3864 ||| FLEEEEING.
  3865 | D:5      | 3865 ||| FLEEEEING.
  3877 | D:5      | 3877 ||| FLEEEEING.
  3883 | D:5      | 3883 ||| FLEEEEING.
  3884 | D:5      | 3884 ||| FLEEEEING.
  3886 | D:5      | 3886 ||| FLEEEEING.
  3887 | D:5      | 3887 ||| FLEEEEING.
  3888 | D:5      | 3888 ||| FLEEEEING.
  3892 | D:5      | 3892 ||| Stepping ~*~*~tactically~*~*~ (hiding).
  3894 | D:5      | 3894 ||| Stepping ~*~*~tactically~*~*~ (hiding).
  3903 | D:5      | Reached skill level 8 in Axes
  4107 | D:5      | 4107 ||| Stepping ~*~*~tactically~*~*~ (stealth).
  4120 | D:5      | Reached skill level 6 in Fighting
  4213 | D:5      | 4213 ||| READING 2 scrolls labelled USAOSH XILAONI.
  4214 | D:5      | 4214 ||| Stepping ~*~*~tactically~*~*~ (hiding).
  4216 | D:5      | 4216 ||| DRINKING 2 orange potions.
  4426 | D:5      | 4426 ||| Stepping ~*~*~tactically~*~*~ (stealth).
  4433 | D:5      | 4433 ||| READING 2 scrolls of identify.
  4433 | D:5      | 4433 ||| IDENTIFYING inky potion
  4579 | D:6      | 4579 ||| READING scroll of brand weapon.
  4579 | D:6      | 4579 ||| BRANDING +2 war axe of draining.
  4666 | D:6      | Noticed Grinder
  4689 | D:6      | Killed Grinder
  4690 | D:6      | Reached skill level 9 in Axes
  4690 | D:6      | Reached XP level 9. HP: 51/55 MP: 9/9
  4726 | D:6      | 4726 ||| Stepping ~*~*~tactically~*~*~ (hiding).
  4727 | D:6      | 4727 ||| Stepping ~*~*~tactically~*~*~ (hiding).
  4833 | D:6      | 4833 ||| Stepping ~*~*~tactically~*~*~ (stealth).
  4835 | D:6      | 4835 ||| Stepping ~*~*~tactically~*~*~ (hiding).
  5056 | D:7      | 5056 ||| READING scroll of brand weapon.
  5056 | D:7      | 5056 ||| BRANDING +2 war axe of venom.
  5133 | D:7      | 5133 ||| READING scroll of enchant armour.
  5133 | D:7      | 5133 ||| ENCHANTING +0 pair of gloves.
  5164 | D:7      | Found a staircase to the Ecumenical Temple.
  5165 | D:7      | 5165 ||| PLANNING TEMPLE
  5177 | D:7      | 5177 ||| Stepping ~*~*~tactically~*~*~ (stealth).
  5351 | D:7      | Reached skill level 6 in Armour
  5410 | D:7      | 5410 ||| DROPPING amulet of guardian spirit.
  5411 | D:7      | 5411 ||| READING 5 scrolls of identify.
  5411 | D:7      | 5411 ||| IDENTIFYING amethyst potion
  5412 | D:7      | 5412 ||| DROPPING potion of degeneration.
  5440 | Temple   | Entered the Ecumenical Temple
  5442 | Temple   | 5442 ||| PLANNING OKAWARU WORSHIP
  5928 | Temple   | Became a worshipper of Warmaster Okawaru
  5928 | Temple   | 5928 ||| PLANNING D:1-11
  5986 | D:7      | 5986 ||| Stepping ~*~*~tactically~*~*~ (stealth).
  6346 | D:8      | Found a shimmering altar of Xom.
  6350 | D:8      | Found a bloodstained altar of Trog.
  6353 | D:8      | Found Semem's Lightly-Used Armoury.
  6364 | D:8      | Reached * piety under Okawaru
  6365 | D:8      | Reached skill level 1 in Throwing
  6368 | D:8      | 6368 ||| SHOPLISTING -2 pearl dragon scales (1260 gold,
                  | have 230).
  6476 | D:8      | 6476 ||| Stepping ~*~*~tactically~*~*~ (stealth).
  6481 | D:8      | Reached skill level 1 in Invocations
  6572 | D:8      | Reached skill level 3 in Throwing
  6576 | D:8      | Reached skill level 3 in Invocations
  6576 | D:8      | Reached XP level 10. HP: 51/63 MP: 10/12
  6626 | D:8      | Noticed Maggie
  6627 | D:8      | 6627 ||| Stepping ~*~*~tactically~*~*~ (hiding).
  6634 | D:8      | 6634 ||| INVOKING Heroism.
  6645 | D:8      | Killed Maggie
  6779 | D:8      | 6779 ||| Stepping ~*~*~tactically~*~*~ (hiding).
  6785 | D:8      | 6785 ||| INVOKING Heroism.
  6796 | D:8      | 6796 ||| Stepping ~*~*~tactically~*~*~ (hiding).
  6868 | D:8      | 6868 ||| Stepping ~*~*~tactically~*~*~ (stealth).
  6962 | D:8      | Reached skill level 10 in Axes
  6966 | D:8      | Reached ** piety under Okawaru
  7006 | D:8      | 7006 ||| DROPPING +1 hammer of Kilic {heavy, rC+}.
  7007 | D:8      | 7007 ||| DROPPING +0 flail.
  7008 | D:8      | 7008 ||| DROPPING +4 flail.
  7139 | D:8      | Found a shimmering blue altar of Sif Muna.
  7253 | D:8      | 7253 ||| Stepping ~*~*~tactically~*~*~ (hiding).
  7333 | D:8      | 7333 ||| READING scroll labelled ATAKHE HOSE.
  7421 | D:9      | 7421 ||| INVOKING Heroism.
  7433 | D:9      | Reached *** piety under Okawaru
  7473 | D:9      | 7473 ||| READING scroll of enchant armour.
  7473 | D:9      | 7473 ||| ENCHANTING +1 pair of gloves.
  7484 | D:9      | 7484 ||| DROPPING +0 morningstar.
  7502 | D:9      | 7502 ||| Stepping ~*~*~tactically~*~*~ (stealth).
  7504 | D:9      | 7504 ||| INVOKING Heroism.
  7505 | D:9      | 7505 ||| Stepping ~*~*~tactically~*~*~ (stealth).
  7506 | D:9      | 7506 ||| Stepping ~*~*~tactically~*~*~ (stealth).
  7513 | D:9      | 7513 ||| Stepping ~*~*~tactically~*~*~ (stealth).
  7521 | D:9      | 7521 ||| Stepping ~*~*~tactically~*~*~ (stealth).
  7536 | D:9      | Reached skill level 11 in Axes
  7539 | D:9      | 7539 ||| INVOKING Heroism.
  7582 | D:9      | Received a gift from Okawaru
  7968 | D:9      | 7968 ||| Stepping ~*~*~tactically~*~*~ (stealth).
  7986 | D:9      | 7986 ||| Stepping ~*~*~tactically~*~*~ (stealth).
  7992 | D:9      | Reached XP level 11. HP: 68/68 MP: 14/14
  8010 | D:9      | Noticed a two-headed ogre
  8011 | D:9      | 8011 ||| INVOKING Heroism.
  8022 | D:9      | Killed a two-headed ogre
  8023 | D:9      | Reached skill level 3 in Dodging
  8054 | D:9      | Found a hide-covered altar of Uskayaw.
  8484 | D:9      | 8484 ||| UPGRADING to +0 plate armour of cold resistance.
  8494 | D:9      | 8494 ||| DROPPING +0 chain mail.
  8495 | D:9      | 8495 ||| DROPPING ring of flight.
  8496 | D:9      | 8496 ||| READING scroll labelled HINIDGH TADA.
  8505 | D:10     | Entered Level 10 of the Dungeon
  8506 | D:10     | 8506 ||| STAIRDANCE
  8615 | D:10     | Noticed a two-headed ogre
  8616 | D:10     | 8616 ||| INVOKING Heroism.
  8629 | D:10     | Killed a two-headed ogre
  8638 | D:10     | 8638 ||| DRINKING 4 potions of curing.
  8638 | D:10     | 8638 ||| (to cure confusion)
  8645 | D:10     | Reached **** piety under Okawaru
  8656 | D:10     | 8656 ||| INVOKING Heroism.
  8889 | D:10     | 8889 ||| Stepping ~*~*~tactically~*~*~ (stealth).
  8920 | D:10     | Found a glowing silver altar of Zin.
  8924 | D:10     | 8924 ||| Stepping ~*~*~tactically~*~*~ (hiding).
  8937 | D:10     | 8937 ||| FLEEEEING.
  8938 | D:10     | 8938 ||| FLEEEEING.
  8939 | D:10     | 8939 ||| FLEEEEING.
  8939 | D:10     | Paralysed by a floating eye for 3 turns
  8944 | D:10     | Received a gift from Okawaru
  8962 | D:10     | Noticed qw's ghost (novice GrFi)
  8987 | D:10     | Noticed an oklob plant
  8988 | D:10     | 8988 ||| INVOKING Heroism.
  8992 | D:10     | Noticed an oklob plant
  9006 | D:10     | Killed an oklob plant
  9015 | D:10     | Killed an oklob plant
  9196 | D:10     | 9196 ||| INVOKING Heroism.
  9304 | D:10     | 9304 ||| INVOKING Heroism.
  9573 | D:10     | Found a runed translucent gate.
  9574 | D:10     | Found a runed translucent gate.
  9579 | D:10     | Found a runed translucent gate.
  9794 | D:11     | Found a runed translucent gate.
  9838 | D:11     | 9838 ||| INVOKING Heroism.
  9839 | D:11     | Received a gift from Okawaru
  9846 | D:11     | Reached skill level 9 in Fighting
  9846 | D:11     | Reached skill level 6 in Invocations
  9976 | D:11     | Found a runed translucent gate.
  9977 | D:11     | Noticed a nine-headed hydra
  9977 | D:11     | Noticed Lyext's ghost (journeyman KoHu)
  9985 | D:11     | Found a runed translucent gate.
 10043 | D:11     | Noticed a death yak
 10044 | D:11     | 10044 ||| INVOKING Heroism.
 10044 | D:11     | Noticed a death yak
 10045 | D:11     | 10045 ||| Stepping ~*~*~tactically~*~*~ (stealth).
 10049 | D:11     | Noticed a death yak
 10051 | D:11     | Killed a death yak
 10065 | D:11     | Killed a death yak
 10071 | D:11     | 10071 ||| INVOKING Heroism.
 10073 | D:11     | Killed a death yak
 10074 | D:11     | Reached skill level 9 in Armour
 10074 | D:11     | Reached XP level 12. HP: 29/76 MP: 14/17
 10222 | D:11     | Found a staircase to the Lair.
 10260 | D:11     | Reached ***** piety under Okawaru
 10287 | D:11     | Found a transporter.
 10290 | D:11     | Found a transporter.
 10294 | D:11     | Found a transporter.
 10339 | D:11     | 10339 ||| INVOKING Heroism.
 10380 | D:11     | Received a gift from Okawaru
 10479 | D:11     | 10479 ||| Stepping ~*~*~tactically~*~*~ (stealth).
 10481 | D:11     | 10481 ||| Stepping ~*~*~tactically~*~*~ (hiding).
 10482 | D:11     | 10482 ||| Stepping ~*~*~tactically~*~*~ (hiding).
 10483 | D:11     | 10483 ||| Stepping ~*~*~tactically~*~*~ (hiding).
 10694 | D:11     | Received a gift from Okawaru
 10698 | D:11     | 10698 ||| INVOKING Heroism.
 10817 | D:11     | Found a transporter.
 10907 | D:11     | Reached skill level 9 in Invocations
 11088 | D:11     | 11088 ||| PLANNING LAIR
 11118 | Lair:1   | Entered Level 1 of the Lair of Beasts
 11126 | Lair:1   | 11126 ||| Stepping ~*~*~tactically~*~*~ (stealth).
 11323 | Lair:1   | 11323 ||| Stepping ~*~*~tactically~*~*~ (stealth).
 11652 | Lair:1   | Reached skill level 12 in Axes
 12072 | Lair:2   | 12072 ||| INVOKING Heroism.
 12172 | Lair:2   | Received a gift from Okawaru
 12177 | Lair:2   | 12177 ||| INVOKING Heroism.
 12267 | Lair:2   | Reached skill level 6 in Shields
 12346 | Lair:2   | 12346 ||| Stepping ~*~*~tactically~*~*~ (stealth).
 12361 | Lair:2   | Received a gift from Okawaru
 12363 | Lair:2   | 12363 ||| SWAPPING to +4 broad axe of venom.
 12364 | Lair:2   | 12364 ||| DROPPING +4 war axe.
 12365 | Lair:2   | 12365 ||| DROPPING +2 war axe of electrocution.
 12446 | Lair:2   | 12446 ||| INVOKING Heroism.
 12469 | Lair:2   | 12469 ||| Stepping ~*~*~tactically~*~*~ (hiding).
 12470 | Lair:2   | 12470 ||| Stepping ~*~*~tactically~*~*~ (hiding).
 12509 | Lair:2   | 12509 ||| Stepping ~*~*~tactically~*~*~ (hiding).
 12563 | Lair:2   | Found a hole to the Spider Nest.
 12570 | Lair:2   | 12570 ||| INVOKING Heroism.
 12741 | Lair:2   | 12741 ||| INVOKING Heroism.
 12744 | Lair:2   | 12744 ||| Stepping ~*~*~tactically~*~*~ (stealth).
 12758 | Lair:2   | Reached XP level 13. HP: 82/82 MP: 20/20
 13153 | Lair:2   | 13153 ||| UPGRADING to +0 kite shield.
 13163 | Lair:2   | 13163 ||| DROPPING +0 buckler.
 13164 | Lair:2   | 13164 ||| DROPPING ring of magical power.
 13165 | Lair:2   | 13165 ||| UPGRADING to +6 ring of strength.
 13183 | Lair:3   | 13183 ||| PLANNING GAUNTLET
 13198 | Lair:3   | 13198 ||| INVOKING Heroism.
 13199 | Lair:3   | 13199 ||| INVOKING Finesse.
 13205 | Lair:3   | 13205 ||| SWAPPING to +4 morningstar.
 13208 | Lair:3   | 13208 ||| SWAPPING to +4 broad axe of venom.
 13273 | Lair:3   | 13273 ||| Stepping ~*~*~tactically~*~*~ (stealth).
 13275 | Lair:3   | 13275 ||| INVOKING Heroism.
 13394 | Lair:3   | Found a gate leading to a gauntlet.
 13451 | Gauntlet | Entered a Gauntlet
 13451 | Gauntlet | Found a transporter.
 13451 | Gauntlet | Found a transporter.
 13452 | Gauntlet | Found a transporter.
 13455 | Gauntlet | Found a transporter.
 13455 | Gauntlet | Found a transporter.
 13465 | Gauntlet | Found a transporter.
 13532 | Gauntlet | Found a transporter.
 13542 | Gauntlet | Found a transporter.
 13558 | Gauntlet | Found a transporter.
 13568 | Gauntlet | Found a transporter.
 13583 | Gauntlet | Found a transporter.
 13589 | Gauntlet | Found a transporter.
 13656 | Gauntlet | 13656 ||| Stepping ~*~*~tactically~*~*~ (hiding).
 13663 | Gauntlet | 13663 ||| INVOKING Heroism.
 13664 | Gauntlet | 13664 ||| INVOKING Finesse.
 13709 | Gauntlet | Identified the +10 spear of Vengeance {drain, rF- rN+++
                  | Str+5 Dex-2}
 13714 | Gauntlet | Identified the amulet of Ahyras {Acrobat Dex+3 SInv}
 13797 | Gauntlet | 13797 ||| READING scroll of enchant weapon.
 13797 | Gauntlet | 13797 ||| ENCHANTING +4 broad axe of venom.
 13798 | Gauntlet | Identified the +1 hat of the Insatiable Moons {Regen+}
 13803 | Gauntlet | 13803 ||| UPGRADING to +1 hat of the Insatiable Moons
                  | {Regen+}.
 13813 | Gauntlet | 13813 ||| DROPPING +1 helmet.
 13825 | Gauntlet | Noticed a minotaur
 13826 | Gauntlet | 13826 ||| Stepping ~*~*~tactically~*~*~ (stealth).
 13827 | Gauntlet | 13827 ||| Stepping ~*~*~tactically~*~*~ (stealth).
 13829 | Gauntlet | 13829 ||| INVOKING Heroism.
 13830 | Gauntlet | 13830 ||| INVOKING Finesse.
 13837 | Gauntlet | Killed a minotaur
 13837 | Gauntlet | Identified the +0 broad axe of Nist {venom, Drain rCorr
                  | Str+3 Dex+4} (Okawaru gifted it to you in a Gauntlet)
 13837 | Gauntlet | Received a gift from Okawaru
 13876 | Gauntlet | 13876 ||| SWAPPING to +0 broad axe of Nist {venom, Drain
                  | rCorr Str+3 Dex+4}.
 13926 | Lair:3   | 13926 ||| PLANNING LAIR
 13943 | Lair:3   | 13943 ||| INVOKING Heroism.
 13950 | Lair:3   | Reached skill level 9 in Shields
 13960 | Lair:3   | 13960 ||| Stepping ~*~*~tactically~*~*~ (hiding).
 14051 | Lair:3   | 14051 ||| INVOKING Heroism.
 14111 | Lair:3   | 14111 ||| Stepping ~*~*~tactically~*~*~ (stealth).
 14112 | Lair:3   | 14112 ||| Stepping ~*~*~tactically~*~*~ (stealth).
 14116 | Lair:3   | 14116 ||| INVOKING Heroism.
 14188 | Lair:3   | Found a staircase to the Shoals.
 14701 | Lair:4   | 14701 ||| FLEEEEING.
 14716 | Lair:4   | 14716 ||| INVOKING Heroism.
 14717 | Lair:4   | 14717 ||| INVOKING Finesse.
 14718 | Lair:4   | 14718 ||| INVOKING Finesse.
 14719 | Lair:4   | Found a staircase to the Slime Pits.
 14732 | Lair:4   | 14732 ||| READING 4 scrolls of teleportation.
 14735 | Lair:4   | HP: 19/82 [oklob plant/splash of acid (9)]
 14736 | Lair:4   | 14736 ||| DRINKING 4 potions of heal wounds.
 14907 | Lair:4   | 14907 ||| INVOKING Heroism.
 14910 | Lair:4   | 14910 ||| SWAPPING to +4 morningstar.
 14916 | Lair:4   | 14916 ||| SWAPPING to +0 broad axe of Nist {venom, Drain
                  | rCorr Str+3 Dex+4}.
 14997 | Lair:4   | Reached skill level 13 in Axes
 15066 | Lair:4   | Identified the +3 battleaxe of Bread {vamp, rElec rC+ rN+
                  | Int-3} (Okawaru gifted it to you on level 4 of the Lair of
                  | Beasts)
 15066 | Lair:4   | Received a gift from Okawaru
 15121 | Lair:4   | 15121 ||| INVOKING Heroism.
 15122 | Lair:4   | 15122 ||| INVOKING Finesse.
 15127 | Lair:4   | 15127 ||| SWAPPING to +4 morningstar.
 15129 | Lair:4   | 15129 ||| SWAPPING to +0 broad axe of Nist {venom, Drain
                  | rCorr Str+3 Dex+4}.
 15214 | Lair:4   | 15214 ||| INVOKING Heroism.
 15255 | Lair:4   | 15255 ||| INVOKING Heroism.
 15279 | Lair:4   | Identified the +2 leather armour of Omission {+Blink Int+5
                  | Dex+2}
 15289 | Lair:4   | Noticed Nessos
 15296 | Lair:4   | 15296 ||| Stepping ~*~*~tactically~*~*~ (hiding).
 15297 | Lair:4   | 15297 ||| Stepping ~*~*~tactically~*~*~ (hiding).
 15301 | Lair:4   | 15301 ||| INVOKING Heroism.
 15306 | Lair:4   | HP: 17/75 [Nessos/iceblast (11)]
 15307 | Lair:4   | 15307 ||| Stepping ~*~*~tactically~*~*~ (hiding).
 15308 | Lair:4   | 15308 ||| Stepping ~*~*~tactically~*~*~ (hiding).
 15311 | Lair:4   | HP: 13/75 [Nessos/arrow (9)]
 15312 | Lair:4   | 15312 ||| Stepping ~*~*~tactically~*~*~ (hiding).
 15313 | Lair:4   | 15313 ||| Stepping ~*~*~tactically~*~*~ (hiding).
 15313 | Lair:4   | HP: 4/75 [Nessos/arrow (3)]
 15314 | Lair:4   | 15314 ||| Stepping ~*~*~tactically~*~*~ (hiding).
 15315 | Lair:4   | 15315 ||| READING 3 scrolls of teleportation.
 15315 | Lair:4   | Shot with an arrow by Nessos

Levels and vault maps discovered:
D:1:      dpeg_arrival_rooms_b, layout_rooms
D:2:      layout_rooms, serial_shops,
          nicolae_shop_temple_entry_statues_fountains, uniq_crazy_yiuf_cottage,
          uniq_robin
D:3:      wad_pebble_path, layout_basic, mainiacjoe_overflow_brackets, hex_large
D:4:      layout_loops_ring, serial_bayou_lagoon_a, uniq_sigmund
D:5:      layout_cave_pools, grunt_temple_overflow_growth_and_decay,
          mainiacjoe_overflow_surrounded_room, serial_shops,
          nicolae_diamond_shop, serial_gnoll_camp, gnoll_camp_mini_hut,
          gnoll_camp_mini_basic, gnoll_camp_mini_loothouse,
          gnoll_camp_medium_01, gnoll_camp_mini_sergeant, gnoll_camp_mini_shop,
          chequers_serial_rivers_micro_e, uniq_menkaure
D:6:      layout_rooms, uniq_grinder
D:7:      layout_loops_ring, temple_pool_b, nicolae_kite_square_tiling_tiny,
          chequers_jeans
D:8:      layout_loops_ring, amcnicky_altar_gilded,
          chequers_temple_overflow_statue_of_worship, minmay_shop_damaged,
          uniq_maggie
D:9:      layout_basic, nicolae_uskayaw_dance_studio
D:10:     layout_irregular_city, zin_statuary, gammafunk_ghost_icy,
          disabler_island
D:11:     layout_roguey [special_room_bee], dpeg_lair_monsters,
          gammafunk_ghost_hydra_chop, nicolae_diode_quadrants
Temple:   compressed_dpeg_triangle_lava_temple
Lair:1:   layout_cave_pods, st_stairs_5, serial_bayou_shore_b
Lair:2:   layout_gridlike, hellmonk_spider_entry_life_and_decay
Lair:3:   layout_regular_city, minmay_shoals_entry_centaurs,
          gauntlet_entry_generic, beast_lair_carwin_10,
          infiniplex_staircase_pool_2, lemuel_fruit_fields
Lair:4:   layout_long_grid, minmay_slime_entry_oklob_enclosed,
          chequers_serial_rivers_room_a, uniq_nessos

Skill      XL: |  1  2  3  4  5  6  7  8  9 10 11 12 13 |
---------------+----------------------------------------+-----
Axes           | 2 3 4 5 6 7 9 11 12 13 | 13.4
Fighting       | 4 5 6 7 8 9 10 | 10.1
Dodging        | 1 3 |  3.4
Armour         | 5 6 7 9 |  9.4
Shields        | 4 5 6 11 | 11.1
Throwing       | 3 4 5 |  5.0
Invocations    | 3 4 7 10 | 10.0

Action                     |  1- 3 |  4- 6 |  7- 9 | 10-12 | 13-15 || total
---------------------------+-------+-------+-------+-------+-------++-------
  Melee: War axe           |    83 |   167 |   300 |   509 |       ||  1059
         Broad axe         |       |       |       |    36 |   221 ||   257
         Morningstar       |       |       |       |       |     8 ||     8
  Throw: Boomerang         |       |    25 |       |     5 |     1 ||    31
         Javelin           |       |       |     6 |    84 |    56 ||   146
 Invoke: Heroism           |       |       |       |    21 |    13 ||    34
         Finesse           |       |       |       |       |     5 ||     5
    Use: Scroll            |     2 |     9 |    12 |     3 |     3 ||    29
         Potion            |       |     3 |     1 |     1 |     1 ||     6
   Stab: Distracted        |       |       |       |     1 |       ||     1
 Armour: Scale mail        |    41 |    81 |       |       |       ||   122
         Chain mail        |       |       |   211 |   100 |       ||   311
         Plate armour      |       |       |       |   300 |   154 ||   454
  Dodge: Dodged            |    28 |    59 |   104 |   225 |    83 ||   499
  Block: Buckler           |    15 |    22 |    64 |   129 |     3 ||   233
         Kite shield       |       |       |       |       |   107 ||   107

Table legend:
 A = Non-vault XP
 B = Vault XP
 C = Vault XP percentage of total XP
 D = Non-vault monster count
 E = Vault monster count
 F = Vault count percentage of total count
                 A         B        C        D         E       F
            +---------+---------+-------+---------+---------+-------
      Total |   38559 |   15440 |  28.6 |     333 |     106 |  24.1
            +---------+---------+-------+---------+---------+-------
        D:1 |      51 |       0 |   0.0 |      22 |       0 |   0.0
        D:2 |      30 |      35 |  53.8 |       8 |      11 |  57.9
        D:3 |     123 |       0 |   0.0 |      25 |       0 |   0.0
        D:4 |     207 |     214 |  50.8 |      20 |       1 |   4.8
        D:5 |     610 |     654 |  51.7 |      19 |      19 |  50.0
        D:6 |     855 |     286 |  25.1 |      31 |       1 |   3.1
        D:7 |     841 |       0 |   0.0 |      11 |       0 |   0.0
        D:8 |    1542 |     395 |  20.4 |      33 |       1 |   2.9
        D:9 |    4335 |     106 |   2.4 |      36 |       6 |  14.3
       D:10 |    3014 |    1270 |  29.6 |      22 |       3 |  12.0
       D:11 |    4256 |    4285 |  50.2 |      21 |      31 |  59.6
     Lair:1 |    2433 |     255 |   9.5 |      15 |       2 |  11.8
     Lair:2 |    7993 |    1292 |  13.9 |      34 |       6 |  15.0
     Lair:3 |    5783 |    2223 |  27.8 |      18 |      13 |  41.9
     Lair:4 |    6486 |     565 |   8.0 |      18 |       1 |   5.3
   Gauntlet |       0 |    3860 | 100.0 |       0 |      11 | 100.0
            +---------+---------+-------+---------+---------+-------
